 Dungeon Crawl Stone Soup version 0.23.2-1-ga50397a (webtiles) character file.

Game seed: 17367529673887223269

422 Exporg the Shield-Bearer (level 6, -8/55 HPs)
             Began as a Minotaur Fighter on May 29, 2019.
             Was a Follower of Nemelex Xobeh.
             Killed by nerve-wracking pain
             ... invoked by Grinder
              (13 damage)
             ... on level 4 of the Dungeon.
             The game lasted 00:05:39 (3030 turns).

Exporg the Shield-Bearer (Minotaur Fighter)         Turns: 3030, Time: 00:05:40

Health: -8/55      AC: 11    Str: 20    XL:     6   Next: 63%
Magic:  5/5        EV:  8    Int:  5    God:    Nemelex Xobeh [*.....]
Gold:   214        SH: 10    Dex: 12    Spells: 5/5 levels left

rFire    . . .     SeeInvis .   v - +1 flail (drain)
rCold    + . .     Gourm    .   c - +0 shield
rNeg     . . .     Faith    .   r - +3 scale mail {rC+}
rPois    .         Spirit   .   (helmet restricted)
rElec    .         Reflect  .   (no cloak)
rCorr    .         Harm     .   (no gloves)
MR       .....                  l - +0 pair of boots
Stlth    ..........             (no amulet)
HPRegen  0.18/turn              (no ring)
MPRegen  0.09/turn              (no ring)

@: no status effects
A: retaliatory headbutt, horns 2
a: Draw Escape, Draw Destruction, Draw Summoning, Renounce Religion


You were on level 4 of the Dungeon.
You worshipped Nemelex Xobeh.
Nemelex Xobeh was aware of your devotion.
You were not hungry.

You visited 2 branches of the dungeon, and saw 5 of its levels.

You collected 214 gold pieces.

Inventory:

Hand Weapons
 a - a +0 war axe
 v - a +1 flail of draining (weapon)
Missiles
 u - a throwing net (quivered)
Armour
 b - a +0 scale mail
 c - a +0 shield (worn)
 l - a +0 pair of boots (worn)
 r - a +3 scale mail of cold resistance (worn)
 C - a +1 chain mail of poison resistance
Wands
 i - a wand of flame (16)
Scrolls
 e - 6 scrolls of identify {unknown}
 j - 2 scrolls of enchant armour {unknown}
 k - 4 scrolls of remove curse {unknown}
 q - 3 scrolls of teleportation {unknown}
 s - a scroll of fear {unknown}
 x - a scroll of enchant weapon {unknown}
 y - a scroll of noise {unknown}
 A - 2 scrolls of magic mapping {unknown}
Potions
 d - 3 potions of might
 g - 8 potions of degeneration {unknown}
 h - 2 potions of haste
 m - 2 potions of heal wounds {unknown}
 n - a potion of resistance {unknown}
 o - a potion of berserk rage {unknown}
 p - 3 potions of curing {unknown}
 t - a potion of cancellation {unknown}
 w - a potion of ambrosia {unknown}
 z - 2 potions of brilliance {unknown}
Comestibles
 f - 6 rations
 B - a chunk of flesh


   Skills:
 + Level 4.8 Fighting
 + Level 4.9(5.1) Axes
 + Level 1.4(3.4) Maces & Flails
 + Level 5.0 Armour
 + Level 1.9 Dodging
 + Level 0.1 Stealth
 + Level 5.4 Shields


You had 5 spell levels left.
You didn't know any spells.
Your spell library was empty.

Dungeon Overview and Level Annotations

Branches:
Dungeon (4/15)             Temple (1/1) D:4

Altars:
Ashenzari
Cheibriados
Elyvilon
Fedhas
Gozag
Kikubaaqudgha
Makhleb
Nemelex Xobeh
Okawaru
Qazlal
Sif Muna
Trog
Uskayaw
Vehumet
Wu Jian
Xom
Yredelemnul
Zin

Annotations:
D:4 exclusion: statue, Grinder


Innate Abilities, Weirdness & Mutations

You reflexively headbutt those who attack you in melee.
You have a pair of horns on your head.


Message History

You closely miss Grinder. Your headbutt misses Grinder.
Grinder is severely wounded.
Grinder blinks!
Grinder gestures at you. Pain shoots through your body!
* * * LOW HITPOINT WARNING * * *
Evoke which item? (* to show all) (? for menu, Esc to quit)
Aiming: Throw Flame
Press: ? - help, Shift-Dir - straight line, f/p - Grinder
Aim: Grinder (severely wounded, fast)
The puff of flame hits Grinder.
Grinder is severely wounded.
Grinder hits you!
* * * LOW HITPOINT WARNING * * *
You barely miss Grinder. You headbutt Grinder.
Grinder is almost dead.
Grinder gestures at you. Pain shoots through your body!
You die...
Your body disappears without a glow.

##.#####.#.# #.#. #. #.# ....#
#....!_.8 #. #.# #.#.###
##.#..)... #. ########.# #.#..
#..#########.
#........###.#..#+###............
##.########...............##.....
#.# #.........#########.... #.#
#......?..# #.... #.####
#.....@..!# ###... #...<#
#.....5...# #..... ######
#.........# #..... #.........#
#..... #.........# #.....
########### ####.. #.. #.. ###


You could see Grinder.

Vanquished Creatures
  An ogre (D:4)
  2 orc wizards (D:4)
  Terence (D:2)
  Natasha (D:2)
  A worker ant (D:4)
  5 gnolls
  3 adders
  5 oozes
  2 worms
  2 dart slugs (D:1)
  5 leopard geckos
  11 orcs
  6 bats
  3 giant cockroaches
  10 goblins
  10 hobgoblins
  4 jackals (D:4)
  3 quokkas (D:3)
  A ball python (D:2)
  8 frilled lizards
  4 kobolds
  A quokka skeleton (D:4)
  7 rats
96 creatures vanquished.

Notes
Turn   | Place    | Note
-------+----------+-------------------------------------------
     0 | D:1      | Exporg the Minotaur Fighter began the quest for the Orb.
     0 | D:1      | Reached XP level 1. HP: 19/19 MP: 0/0
    68 | D:1      | Reached XP level 2. HP: 25/27 MP: 1/1
   147 | D:1      | Reached XP level 3. HP: 24/33 MP: 2/2
  1026 | D:2      | Found an ornate altar of the Wu Jian Council.
  1091 | D:2      | Found a bloodstained altar of Trog.
  1197 | D:2      | Noticed Terence
  1200 | D:2      | Reached XP level 4. HP: 41/41 MP: 3/3
  1233 | D:2      | Killed Terence
  1363 | D:2      | Noticed Natasha
  1371 | D:2      | Killed Natasha
  1464 | D:2      | Found a sparkling altar of Nemelex Xobeh.
  1468 | D:2      | Became a worshipper of Nemelex Xobeh the Trickster
  1521 | D:2      | Received a gift from Nemelex Xobeh
  1664 | D:3      | Reached skill level 1 in Dodging
  1664 | D:3      | Reached XP level 5. HP: 47/47 MP: 4/4
  1872 | D:3      | Found an opulent altar of Gozag.
  2602 | D:4      | Found a radiant altar of Vehumet.
  2602 | D:4      | Noticed a charred statue
  2622 | D:4      | Reached skill level 5 in Shields
  2626 | D:4      | Reached * piety under Nemelex Xobeh
  2630 | D:4      | Found a staircase to the Ecumenical Temple.
  2630 | D:4      | Noticed an ogre
  2636 | D:4      | Killed an ogre
  2636 | D:4      | Reached XP level 6. HP: 55/55 MP: 5/5
  2641 | Temple   | Entered the Ecumenical Temple
  2911 | D:4      | Reached skill level 1 in Maces & Flails
  2979 | D:4      | Reached skill level 5 in Armour
  3012 | D:4      | Noticed Grinder
  3023 | D:4      | Paralysed by Grinder for 5 turns
  3030 | D:4      | Killed from afar by Grinder

Skill      XL: |  1  2  3  4  5  6 |
---------------+-------------------+-----
Shields        | 4 5 |  5.4
Fighting       | 4 |  4.8
Armour         | 4 5 |  5.0
Axes           | 3 4 |  4.9
Dodging        | 1 |  1.9
Maces & Flails | 1 |  1.4
Stealth        | |  0.1

Action                   |  1- 3 |  4- 6 || total
-------------------------+-------+-------++-------
Melee: War axe           |    66 |   103 ||   169
       Headbutt          |     7 |    27 ||    34
       Unarmed           |       |     4 ||     4
       Flail             |       |    61 ||    61
Evoke: Wand              |       |     3 ||     3
  Eat: Chunk             |       |     7 ||     7
Armor: Scale mail        |    30 |    72 ||   102
       Skin              |       |     2 ||     2
Dodge: Dodged            |    29 |    54 ||    83
Block: Shield            |    37 |   101 ||   138
